AoeStats
← fepe.eltala

Arabia

505997761Analyzed
3v3 RM · 21d ago on Sep 12, 2026· 51m 45s· 6 players
Game mode
Random Map
Map size
Normal (6 player)
Population
200
Speed
Normal
Resources
Standard
Victory
Conquest
Starting age
Dark Age
Ending age
Imperial Age
RankedLock teamsTeams togetherTeam positionsShared explorationLock speedFull tech treeHidden civsTurbo modeCheats
Victory
Defeat
🇦🇷 Chinese · Argentina
1113
+13
🇦🇷 Hindustanis · Argentina
1113
+13
🇦🇷 Saracens · Argentina
1085
+14
🇺🇸 Japanese · United States
1060
-13
🇵🇪 Malians · Peru
1055
-14
🇵🇪 Poles · Peru
1047
-13
agamemnon_of_mycenae
7:45 Loom
10:32 Feudal Age
11:01 Double-Bit Axe
11:30 Man-at-Arms
14:13 Forging
14:03 Scale Mail Armor
18:15 Wheelbarrow
19:10 Horse Collar
19:46 Gold Mining
23:09 Castle Age
25:41 Squires
25:27 Arson
25:03 Long Swordsman
25:29 Gambesons
26:26 Iron Casting
26:06 Chain Mail Armor
26:59 Chain Mail Armor
27:23 Heavy Plow
27:46 Bow Saw
29:57 Pikeman
31:38 Fletching
32:55 Gold Shaft Mining
34:52 Stone Mining
37:20 Bodkin Arrow
39:50 Hand Cart
46:48 Imperial Age
48:42 Imperial Age
ZENT
7:09 Loom
7:23 Loom
10:06 Feudal Age
14:26 Double-Bit Axe
19:20 Gold Mining
21:54 Castle Age
21:52 Bloodlines
21:50 Scale Barding Armor
22:15 Forging
23:27 Husbandry
23:26 Pikeman
26:34 Wheelbarrow
26:54 Squires
28:22 Chain Barding Armor
28:16 Arson
35:47 Town Watch
36:57 Stone Mining
40:33 Scale Mail Armor
41:48 Iron Casting
43:21 Chain Mail Armor
47:54 Imperial Age
45:53 Hand Cart
47:14 Bow Saw
47:32 Man-at-Arms
48:57 Gold Shaft Mining
49:12 Conscription
50:12 Stone Shaft Mining
49:52 Long Swordsman
50:35 Two-Handed Swordsman
Oozma Kappa
1:30 Loom
10:48 Feudal Age
11:15 Double-Bit Axe
22:22 Castle Age
20:08 Horse Collar
20:21 Stone Mining
21:58 Gold Mining
25:02 Bow Saw
26:11 Wheelbarrow
28:13 Pikeman
33:41 Bloodlines
35:49 Forging
35:39 Scale Mail Armor
39:06 Imperial Age
38:21 Iron Casting
39:18 Husbandry
39:28 Bloodlines
39:29 Heavy Plow
40:08 Stone Shaft Mining
39:51 Szlachta Privileges
39:10 Cavalier
42:22 Blast Furnace
41:37 Chain Mail Armor
42:35 Squires
42:23 Arson
44:04 Treadmill Crane
44:35 Fortified Wall
47:11 Plate Mail Armor
46:46 Scale Barding Armor
49:33 Chain Barding Armor
49:03 Fletching
49:14 Padded Archer Armor
49:13 Elite Skirmisher
eltetedehaedo
8:42 Loom
10:29 Feudal Age
24:16 Castle Age
22:29 Double-Bit Axe
27:00 Bloodlines
27:54 Scale Barding Armor
31:04 Forging
37:29 Gold Mining
40:07 Chain Barding Armor
41:34 Iron Casting
48:16 Wheelbarrow
rafa
4:50 Loom
9:53 Feudal Age
10:52 Double-Bit Axe
15:51 Horse Collar
22:15 Castle Age
20:43 Forging
20:39 Scale Barding Armor
21:10 Bloodlines
23:11 Light Cavalry
24:02 Gold Mining
26:31 Wheelbarrow
26:23 Husbandry
30:15 Iron Casting
29:31 Fletching
31:52 Man-at-Arms
32:34 Squires
32:42 Long Swordsman
38:07 Pikeman
40:25 Scale Mail Armor
45:20 Imperial Age
43:11 Chain Mail Armor
42:53 Arson
44:24 Bodkin Arrow
47:05 Conscription
47:06 Two-Handed Swordsman
48:42 Champion
fepe.eltala
0:28 Loom
9:10 Feudal Age
17:07 Town Watch
18:47 Double-Bit Axe
23:11 Castle Age
21:59 Fletching
24:06 Bloodlines
24:59 Scale Barding Armor
30:08 Crossbowman
31:22 Husbandry
34:21 Forging
37:24 Chain Barding Armor
42:55 Wheelbarrow
48:21 Imperial Age
47:02 Hand Cart
46:53 Light Cavalry
46:59 Light Cavalry
48:56 Bodkin Arrow
49:25 Ballistics
50:05 Chemistry
49:13 Siphons
48:40 Elite Chu Ko Nu
49:41 Conscription
49:49 Conscription
49:40 Bracer
50:15 Padded Archer Armor
51:16 Chain Barding Armor
50:44 Town Watch
52:22 Iron Casting
Connection lost

Rejoining the realm…

Still unreachable

The connection could not be restored.

Session expired

The server has moved on; the page needs a fresh start.